 Dungeon Crawl Stone Soup version 0.30-a0-949-g53dc5368d7 (webtiles) character file.

Game seed: 17469378368255320729

18 Jackthecabe the Scratcher (level 2, 0/14 HPs)
             Began as a Felid Cinder Acolyte on Mar 28, 2023.
             Was a High Priest of Ignis.
             Succumbed to an adder's poison
             ... on level 2 of the Dungeon.
             The game lasted 00:02:25 (713 turns).

Jackthecabe the Scratcher (Felid Cinder Acolyte)     Turns: 713, Time: 00:02:26

Health: 0/14       AC:  8    Str:  7 (10) XL:     2   Next: 51%
Magic:  4/4        EV: 16    Int: 12 (15) God:    Ignis [*****.]
Gold:   73         SH:  0    Dex:  8 (11) Spells: 3/3 levels left
                                        Lives:  0   Deaths: 0

rFire   + . .      SeeInvis +      - Unarmed
rCold   . . .      Faith    .    (shield unavailable)
rNeg    . . .      Spirit   .    (body armour unavailable)
rPois   .          Reflect  .    (helmet unavailable)
rElec   .          Rampage  .    (cloak unavailable)
rCorr   +                        (gloves unavailable)
Will    .....                    (boots unavailable)
Stlth   +                        (no amulet)
HPRegen 0.22/turn                R - ring of resist corrosion
MPRegen 0.09/turn                (no ring)

@: brilliant, lethally poisoned (0 -> -4), fiery-armoured, quick
A: very small, claws 1, fangs 3, see invisible, speed 1, shaggy fur 1, stealthy
paws, no weapons or thrown items, no armour, multi-lived
a: Renounce Religion, Fiery Armour, Foxfire Swarm, Rising Flame


You were on level 2 of the Dungeon.
You worshipped Ignis.
Ignis was extremely pleased with you.
You visited 1 branch of the dungeon, and saw 2 of its levels.

You collected 73 gold pieces.


Innate Abilities, Weirdness & Mutations

You have sharp claws.
You have razor-sharp teeth.
You have supernaturally acute eyesight. (SInv)
You cover ground quickly. (Speed+)
You are covered in fur. (AC +1)
Your paws help you pounce on unaware monsters.
You are incapable of wielding weapons or throwing items.
You cannot wear armour.
You gain extra lives every three experience levels.


   Skills:
 - Level 3.0 Fighting
 + Level 1.6 Dodging
 + Level 1.7 Stealth
 + Level 3.3 Unarmed Combat
 - Level 1.0 Spellcasting
 - Level 2.6 Fire Magic


You had 3 spell levels left.
You didn't know any spells.
Your spell library contained the following spells:

 Spells                   Type           Power      Damage    Failure   Level
 Scorch                   Fire           20%        2d6       16%         2
 Ignite Poison            Fire/Tmut/Pois 4%         N/A       54%         3
 Kindle Blastsparks       Fire/Tloc/Air  8%         2d10      54%         3
 Freezing Cloud           Conj/Ice/Air   0%         6-21      100%        5

Inventory:

Jewellery
 R - a ring of resist corrosion (left paw)
Scrolls
 a - a scroll of enchant weapon {unknown}
 d - a scroll of torment {unknown}
 e - a scroll of identify {unknown}

Dungeon Overview and Level Annotations

Branches:
Dungeon (2/15)

Altars:

#... ..#..#
..#..#
#.#..#
#.#..####
#.#......
#.....S###
#..#.#@..##
#<.#.>.#..#
#..###!.#.#
#.......#
[#
#.####..# #
...# #!.#
##..# #...#
#... ##).#
.... #.#


You could see an adder.


Message History

Use which ability? (? or * to list)
Okay, then.
Unknown command.
Use which ability? (? or * to list)
A protective cloak of flame settles atop you.
* * * LOW HITPOINT WARNING * * *
You feel very sick. The adder closely misses you.
Unknown command.
It was a potion of brilliance.
You feel clever all of a sudden.
* * * LOW HITPOINT WARNING * * *
You feel sick. The adder bites you but does no damage.
The adder is burned by your cloak of flames.
The adder is heavily wounded.
The adder closely misses you.
It was a potion of degeneration.
There was something very wrong with that liquid.
You feel weakened.
You feel dopey.
You feel clumsy.
* * * LOW HITPOINT WARNING * * *
You feel sick. The adder bites you but does no damage.
The adder is burned by your cloak of flames.
The adder is severely wounded.
You closely miss the adder.
The adder is severely wounded.
* * * LOW HITPOINT WARNING * * *
You feel sick. The adder misses you.
You barely miss the adder.
The adder is severely wounded.
You die...

Skill      XL: |  1 |
---------------+----+-----
Stealth        | 1 |  1.7
Dodging        | 1 |  1.6
Fighting       | |  3.0
Unarmed Combat | |  3.3
Spellcasting   | |  1.0
Fire Magic     | |  2.6

Action                     || total
---------------------------++-------
  Melee: Unarmed           ||    51
         Bite              ||     4
 Invoke: Fiery Armour      ||     1
    Use: Potion            ||     2
   Stab: Sleeping          ||     2
 Armour: Skin              ||     7
  Dodge: Dodged            ||    34

Levels and vault maps discovered:
D:1:      onia_arrival_mini_spirals, layout_rooms, patterned_corridor
D:2:      layout_rooms, shapermc_ecumenical_altar_hornbeckon, minivault_26,
          uniq_crazy_yiuf_cottage, uniq_jessica

Notes
Turn   | Place    | Note
-------+----------+-------------------------------------------
     0 | D:1      | Jackthecabe the Felid Cinder Acolyte began the quest for
                  | the Orb.
     0 | D:1      | Reached XP level 1. HP: 10/10 MP: 3/3
   290 | D:1      | Reached skill level 1 in Stealth
   291 | D:1      | Reached skill level 1 in Dodging
   325 | D:1      | Reached XP level 2. HP: 14/14 MP: 4/4
   712 | D:2      | HP: 1/14 [poisoned by an adder]
   713 | D:2      | Succumbed to an adder's poison

Vanquished Creatures
  2 endoplasms (D:1)
  A giant cockroach (D:1)
  2 hobgoblins (D:1)
  3 ball pythons (D:1)
  3 bats (D:1)
  2 kobolds (D:1)
  6 rats (D:1)
19 creatures vanquished.

Table legend: (Time is in decaauts)
 A = Elapsed time spent in this place.
 B = Non-inter-level travel time spent in this place.
 C = Inter-level travel time spent in this place.
 D = Time resting spent in this place.
 E = Time spent auto-exploring this place.
 F = Levels seen in this place.
 G = Mean time per level.
                   A        B        C        D        E       F      G
               +--------+--------+--------+--------+--------+-----+--------+
         Total |    618 |    609 |      9 |    108 |    341 |   2 |  309.0 |
       Dungeon |    618 |    609 |      9 |    108 |    341 |   2 |  309.0 |
               +--------+--------+--------+--------+--------+-----+--------+

Top non-repeatable levels by time:
     D:1: 593 daAuts
     D:2: 24 daAuts

Table legend:
 A = Non-vault XP
 B = Vault XP
 C = Vault XP percentage of total XP
 D = Non-vault monster count
 E = Vault monster count
 F = Vault count percentage of total count
                 A         B        C        D         E       F
            +---------+---------+-------+---------+---------+-------
      Total |      27 |       0 |   0.0 |      19 |       0 |   0.0
            +---------+---------+-------+---------+---------+-------
        D:1 |      27 |       0 |   0.0 |      19 |       0 |   0.0
            +---------+---------+-------+---------+---------+-------
